 Dungeon Crawl Stone Soup version 0.28.0-43-g3370ac3207 (webtiles) character file.

Game seed: 2217047154837411740

90 DearestLeader the Skirmisher (level 4, -2/40 HPs)
             Began as a Minotaur Fighter on Mar 7, 2022.
             Slain by an ogre
             ... wielding a +0 giant club
              (20 damage)
             ... on level 4 of the Dungeon.
             The game lasted 00:03:22 (1913 turns).

DearestLeader the Skirmisher (Minotaur Fighter)     Turns: 1913, Time: 00:03:23

Health: -2/40      AC:  8    Str: 23    XL:     4   Next: 32%
Magic:  3/3        EV:  9    Int:  5    God:
Gold:   72         SH:  4    Dex:  9    Spells: 3/3 levels left

rFire   . . .      SeeInvis .   a - +0 war axe
rCold   . . .      Faith    .   c - +0 buckler
rNeg    . . .      Spirit   .   b - +0 scale mail
rPois   .          Reflect  .   (helmet restricted)
rElec   .          Harm     .   e - +0 cloak
rCorr   .          Rampage  .   (no gloves)
Will    .....                   (no boots)
Stlth   ..........              (no amulet)
HPRegen 0.13/turn               (no ring)
MPRegen 0.08/turn               (no ring)

@: no status effects
A: horns 2, retaliatory headbutt
a: no special abilities


You were on level 4 of the Dungeon.
You visited 1 branch of the dungeon, and saw 6 of its levels.

You collected 72 gold pieces.

Inventory:

Hand Weapons
 a - a +0 war axe (weapon)
Missiles
 m - 2 throwing nets (quivered)
Armour
 b - a +0 scale mail (worn)
 c - a +0 buckler (worn)
 e - a +0 cloak (worn)
Scrolls
 j - a scroll of identify
Potions
 d - a potion of might
 h - 2 potions of curing
 i - 2 potions of heal wounds
 k - a potion of cancellation {unknown}
 l - a potion of brilliance {unknown}
 n - a potion of flight {unknown}
 o - a potion of attraction {unknown}


   Skills:
 + Level 4.2 Fighting
 * Level 4.1 Axes
 - Level 4.0 Armour
 + Level 1.5 Dodging
 - Level 0.1 Stealth
 - Level 4.0 Shields


You had 3 spell levels left.
You didn't know any spells.
Your spell library contained the following spells:

 Spells                   Type           Power      Damage    Failure   Level
 Corpse Rot               Necr/Air       0%         N/A       95%         2
 Dispel Undead            Necr           0%         3d6       100%        4
 Death Channel            Necr           0%         N/A       100%        6


Dungeon Overview and Level Annotations

Branches:
Dungeon (6/15)
 Temple: D:4-7

Altars:
Dithmenos

Annotations:
D:4 Eustachio


Innate Abilities, Weirdness & Mutations

You have a pair of horns on your head.
You reflexively headbutt those who attack you in melee.


Message History

Eustachio barely misses you.
Found 13 gold pieces.
Eustachio drinks a potion.
Eustachio flickers and vanishes!
Deactivating autopickup; reactivate with Ctrl-A.
The shadow imp shouts, "Beg for mercy, thou baffled folly-fallen skainsmate!"
The shadow imp gestures at you.
Something writhes in agony!
As you read the scroll labelled BEDGHA BUZAWOI, it crumbles to dust.
You hear a loud clanging noise!
It was a scroll of noise.
You hear a shout! x5
A kobold comes into view. It is wielding a +0 club.
You block the orc's attack.
Blink to where?
Press: ? - help, Dir - move target
As you read the scroll labelled ZETAUC BASAELL, it crumbles to dust.
It was a scroll of blinking.
An orc priest comes into view. It is wielding a +0 war axe.
An orc comes into view. It is wielding a +0 mace.
The orc priest calls down the wrath of Beogh upon you.
Beogh smites you!
An ogre comes into view. It is wielding a +0 giant club.
The ogre shouts!
The shadow imp gestures at you. Pain shoots through your body!
* * * LOW HITPOINT WARNING * * *
Unknown command.
A kobold comes into view. It is wielding a +0 club.
The orc priest calls upon Beogh to heal the orc.
The orc's wounds heal themselves!
You feel much better. The ogre hits you with a +0 giant club.
You hit the ogre.
The ogre is lightly wounded.
The ogre hits you with a +0 giant club.
You closely miss the ogre.
The ogre is lightly wounded.
You barely miss the kobold. The kobold hits you with a +0 club.
The ogre hits you with a +0 giant club!!
Ouch! That really hurt!
You die...

.... .... .....
....# .....# #
###...... ###.
#......# ##...
##@..#
#.....###OK.##
#.....#.o.o.# ..
......o.#.### #..
#...#.#o### ##...
#. ###.### ....#
#..o..##...#
......#........##
.....K#..........


You could see an ogre, 4 orcs and a kobold.

Vanquished Creatures
  A bullfrog skeleton (D:6)
  2 adders (D:2)
  An adder skeleton (D:4)
  A worm (D:2)
  An orc (D:3)
  2 bats
  4 endoplasms
  A giant cockroach (D:2)
  8 goblins
  3 hobgoblins
  3 kobolds
  2 quokkas (D:1)
  2 ball pythons
  4 frilled lizards
  4 rats
39 creatures vanquished.

Notes
Turn   | Place    | Note
-------+----------+-------------------------------------------
     0 | D:1      | DearestLeader the Minotaur Fighter began the quest for the
                  | Orb.
     0 | D:1      | Reached XP level 1. HP: 19/19 MP: 0/0
   274 | D:1      | Reached XP level 2. HP: 25/27 MP: 1/1
   433 | D:1      | Found a faded altar of an unknown god.
   943 | D:2      | Found a shadowy altar of Dithmenos.
  1063 | D:2      | Reached XP level 3. HP: 18/33 MP: 2/2
  1335 | D:2      | Reached skill level 1 in Dodging
  1834 | D:3      | You fall into a shaft and drop 3 floors!
  1858 | D:6      | Reached XP level 4. HP: 40/40 MP: 3/3
  1877 | D:5      | Entered Level 5 of the Dungeon
  1877 | D:5      | Noticed a water moccasin
  1881 | D:4      | Noticed Eustachio
  1897 | D:4      | Noticed an ogre
  1913 | D:4      | Slain by an ogre

Illustrated notes

Levels and vault maps discovered:
D:1:      scummos_arrival_checkerplants, layout_basic,
          shapermc_ecumenical_altar_starsandcircs, chequers_serial_rivers_marsh
D:2:      layout_rooms, basic_altar
D:3:      kennysheep_big_flooded_room, layout_basic, serial_shops,
          nicolae_diamond_shop, minmay_diced_spiral
D:4:      layout_cave_pools, uniq_eustachio
D:5:      layout_basic, temple_green, minmay_fractal_squares_diagonal_5,
          uniq_ijyb
D:6:      layout_basic, solitary_fountain, kb_rosetta

Skill      XL: |  1  2  3 |
---------------+----------+-----
Armour         | 4 |  4.0
Axes           | 3 4 |  4.1
Fighting       | 4 |  4.2
Shields        | 4 |  4.0
Dodging        | 1 |  1.5
Stealth        | |  0.1

Action                   |  1- 3 |  4- 6 || total
-------------------------+-------+-------++-------
Melee: War axe           |    76 |     6 ||    82
       Headbutt          |     7 |       ||     7
  Use: Scroll            |     2 |     2 ||     4
       Potion            |       |     1 ||     1
Armor: Scale mail        |    32 |     6 ||    38
Dodge: Dodged            |    24 |     6 ||    30
Block: Buckler           |    22 |     3 ||    25
